 Dungeon Crawl Stone Soup version 0.30-a0-782-ge64f9170bb (webtiles) character file.

Game seed: 10063986591747871307

205 Leeroy the Slasher (level 5, 0/26 HPs)
             Began as a Vine Stalker Warper on Feb 21, 2023.
             Was a Follower of Elyvilon.
             Succumbed to Ijyb's poison
             ... on level 4 of the Dungeon.
             The game lasted 00:05:54 (2486 turns).

Leeroy the Slasher (Vine Stalker Warper)            Turns: 2486, Time: 00:05:55

Health: 0/26       AC:  6    Str: 14    XL:     5   Next: 83%
Magic:  1/9        EV: 16    Int: 13    God:    Elyvilon [*.....]
Gold:   72         SH:  0    Dex: 15    Spells: 8/8 levels left

rFire   . . .      SeeInvis .    p - +0 long sword
rCold   . . .      Faith    .    (no shield)
rNeg    . . .      Spirit   +    e - +0 acid dragon scales
rPois   .          Reflect  .    (no helmet)
rElec   .          Harm     .    (no cloak)
rCorr   +          Rampage  .    (no gloves)
Will    .....                    (no boots)
Stlth   +                        (no amulet)
HPRegen 1.04/turn                k - +5 ring of evasion
MPRegen 0.11/turn                (no ring)

@: lethally poisoned (0 -> -2), hasted, very quick
A: fangs 2, regeneration 1, magic shield, antimagic bite, no potion heal 2
a: Renounce Religion, Purification


You were on level 4 of the Dungeon.
You worshipped Elyvilon.
Elyvilon was aware of your devotion.
You visited 1 branch of the dungeon, and saw 4 of its levels.

You collected 72 gold pieces.

Inventory:

Hand Weapons
 a - a +0 falchion
 p - a +0 long sword (weapon)
 t - a +0 rapier
Missiles
 d - 6 boomerangs of dispersal (quivered)
 u - a throwing net
Armour
 b - a +0 leather armour
 e - +0 acid dragon scales (worn)
Jewellery
 k - a +5 ring of evasion (left hand)
Scrolls
 c - a scroll of blinking
 h - a scroll of acquirement {unknown}
 i - 3 scrolls of silence {unknown}
 j - a scroll of fog {unknown}
 l - a scroll of teleportation {unknown}
 m - a scroll of enchant weapon {unknown}
 o - 3 scrolls of identify {unknown}
 r - a scroll of torment {unknown}
 s - a scroll of enchant armour {unknown}
Potions
 f - a potion of haste
 g - a potion of might {unknown}
 n - a potion of berserk rage {unknown}
 q - a potion of invisibility {unknown}


   Skills:
 - Level 1.7 Fighting
 + Level 5.2 Long Blades
 - Level 0.8 Throwing
 - Level 1.2 Armour
 - Level 1.5 Dodging
 - Level 2.1 Spellcasting
 - Level 3.0 Translocations


You had 8 spell levels left.
You didn't know any spells.
Your spell library contained the following spells:

 Spells                   Type           Power      Damage    Failure   Level
 Blink                    Tloc           18%        N/A       16%         2
 Lesser Beckoning         Tloc           18%        N/A       16%         2
 Teleport Other           Tloc           9%         N/A       30%         3
 Ensorcelled Hibernation  Hex/Ice        2%         N/A       47%         2
 Passwall                 Tmut/Erth      0%         N/A       47%         2
 Vhi's Electric Charge    Tloc/Air       10%        N/A       50%         3
 Swiftness                Air            1%         N/A       71%         3
 Manifold Assault         Tloc           9%         N/A       71%         4
 Storm Form               Tmut/Air       0%         N/A       100%        7


Dungeon Overview and Level Annotations

Branches:
Dungeon (4/15)
 Temple: D:4-7

Altars:
Elyvilon
Vehumet

Shops:
D:1 [

Annotations:
D:4 Ijyb


Innate Abilities, Weirdness & Mutations

You have extremely sharp teeth.
Your natural rate of healing is unusually fast.
When hurt, damage is shared between your health and your magic reserves.
Your bite disrupts and absorbs the magic of your enemies.
Potions cannot restore your health.


Message History

You feel very sick.
Ijyb hits you with a +0 dagger of venom.
You are more poisoned.
You hit Ijyb. Your bite misses Ijyb.
Ijyb is moderately wounded.
You feel very sick. Ijyb closely misses you.
You hit Ijyb. Your bite misses Ijyb.
Ijyb is moderately wounded.
You feel very sick.
Ijyb hits you with a +0 dagger of venom.
You are more poisoned.
You hit Ijyb. Your bite misses Ijyb.
Ijyb is heavily wounded.
You feel very sick. Ijyb barely misses you.
The kobold hits you but does no damage.
A jackal comes into view.
You are too injured to fight recklessly!
You are too injured to fight recklessly!
You are too injured to fight recklessly!
A ball python comes into view.
You feel very sick.
The ball python hisses angrily.
You hear a bark! x2
Ijyb zaps a wand.
The mass of ice explodes!
The iceblast engulfs you!
* * * LOW HITPOINT WARNING * * *
The iceblast engulfs the kobold!
The kobold dies!
The ball python moves out of view.
You hear a bark!
Okay, then.
It was a potion of haste.
You feel yourself speed up. Elyvilon protects you from harm!
Blink to where?
Press: ? - help, Dir - move target
As you read the scroll of blinking, it crumbles to dust.
* * * LOW HITPOINT WARNING * * *
You feel sick.
Ijyb zaps a wand.
The mass of ice explodes!
The iceblast engulfs you.
* * * LOW HITPOINT WARNING * * *
You die...

#.... #.....
#.....
#.....
#....h#####
#........@#
#.......#
#...)ยง..#
#...g...#
.......#####
......<
.......
.......
#######


You could see Ijyb and a jackal.

Vanquished Creatures
  Terence (D:2)
  Natasha (thrice) (D:2)
  An adder (D:3)
  2 worms
  A dart slug (D:1)
  An orc (D:2)
  7 ball pythons
  4 endoplasms
  6 giant cockroaches
  5 hobgoblins
  14 jackals
  5 kobolds
  A quokka (D:2)
  9 bats
  7 frilled lizards
  5 goblins
  5 rats
77 creatures vanquished.

Vanquished Creatures (others)
  A kobold (D:4)
1 creature vanquished.

Grand Total: 78 creatures vanquished

Notes
Turn   | Place    | Note
-------+----------+-------------------------------------------
     0 | D:1      | Leeroy the Vine Stalker Warper began the quest for the Orb.
     0 | D:1      | Reached XP level 1. HP: 11/11 MP: 4/4
    12 | D:1      | Found Bileubaw's Armour Shop.
    51 | D:1      | Reached skill level 2 in Long Blades
   111 | D:1      | Reached skill level 1 in Armour
   111 | D:1      | Reached XP level 2. HP: 15/15 MP: 6/6
   366 | D:1      | Reached XP level 3. HP: 18/18 MP: 7/7
   529 | D:1      | Reached skill level 3 in Long Blades
  1030 | D:2      | Noticed Terence
  1042 | D:2      | Killed Terence
  1043 | D:2      | Gained mutation: Your natural rate of healing is unusually
                  | fast. [Vine Stalker growth]
  1043 | D:2      | Reached XP level 4. HP: 13/23 MP: 5/8
  1099 | D:2      | Found a white marble altar of Elyvilon.
  1115 | D:2      | Became a worshipper of Elyvilon the Healer
  1486 | D:2      | Reached skill level 4 in Long Blades
  1650 | D:2      | Noticed Natasha
  1663 | D:2      | Killed Natasha
  1664 | D:2      | Reached XP level 5. HP: 25/26 MP: 5/9
  1801 | D:2      | Noticed Natasha
  1819 | D:2      | Killed Natasha
  1852 | D:2      | Noticed Natasha
  1864 | D:2      | Killed Natasha
  1938 | D:3      | Found a radiant altar of Vehumet.
  1956 | D:3      | Reached skill level 5 in Long Blades
  1988 | D:3      | Reached * piety under Elyvilon
  2473 | D:4      | Noticed Ijyb
  2484 | D:4      | Elyvilon protects you from harm!
  2486 | D:4      | Succumbed to Ijyb's poison

Illustrated notes

Levels and vault maps discovered:
D:1:      lightli_arrival_boilingwater, layout_basic, serial_shops, shop
D:2:      minmay_skewed_foursquare, layout_basic, basic_altar, uniq_terence,
          uniq_natasha
D:3:      layout_basic, nicolae_overflow_crystal_walls, serial_glass,
          glass_columns_a, glass_columns_b
D:4:      layout_basic, elyvilon_altar_4, kennysheep_generic_room_8, uniq_ijyb

Skill      XL: |  1  2  3  4  5 |
---------------+----------------+-----
Long Blades    | 2 3 4 5 |  5.2
Armour         | 1 |  1.2
Fighting       | |  1.7
Throwing       | |  0.8
Dodging        | |  1.5
Spellcasting   | |  2.1
Translocations | |  3.0

Action                     |  1- 3 |  4- 6 || total
---------------------------+-------+-------++-------
  Melee: Falchion          |   107 |    20 ||   127
         Bite              |    21 |    33 ||    54
         Punch             |     1 |     1 ||     2
         Long sword        |       |   129 ||   129
  Throw: Boomerang         |       |     1 ||     1
    Use: Scroll            |       |     1 ||     1
         Potion            |       |     1 ||     1
   Stab: Sleeping          |     1 |       ||     1
 Armour: Leather armour    |     5 |       ||     5
         Acid dragon scale |    43 |    64 ||   107
  Dodge: Dodged            |    93 |   106 ||   199

Table legend: (Time is in decaauts)
 A = Elapsed time spent in this place.
 B = Non-inter-level travel time spent in this place.
 C = Inter-level travel time spent in this place.
 D = Time resting spent in this place.
 E = Time spent auto-exploring this place.
 F = Levels seen in this place.
 G = Mean time per level.
                   A        B        C        D        E       F      G
               +--------+--------+--------+--------+--------+-----+--------+
         Total |   2538 |   2477 |     61 |      0 |   1880 |   4 |  634.5 |
       Dungeon |   2538 |   2477 |     61 |      0 |   1880 |   4 |  634.5 |
               +--------+--------+--------+--------+--------+-----+--------+

Top non-repeatable levels by time:
     D:1: 1026 daAuts
     D:2: 924 daAuts
     D:3: 574 daAuts
     D:4: 13 daAuts
